 Dungeon Crawl Stone Soup version 0.30.0-29-ga12c61a403 (webtiles) character file.

Game seed: 13147230281594287740

82424 ChadusMaximus the Severer (level 15, -1/111 HPs)
             Began as a Minotaur Fighter on June 11, 2023.
             Was a High Priest of Okawaru.
             Slain by an Executioner (16 damage)
             ... on level 3 of the Abyss.
             The game lasted 00:28:35 (19591 turns).

ChadusMaximus the Severer (Minotaur Fighter)       Turns: 19591, Time: 00:28:39

Health: -1/111     AC: 35    Str: 26    XL:     15   Next: 29%
Magic:  0/10       EV: 11    Int: 13    God:    Okawaru [*****.]
Gold:   1709       SH: 17    Dex: 12    Spells: 14/14 levels left

rFire   + . .        a - +4 broad axe "Tiulac" {venom, rN+ rCorr MP-9 SInv}
rCold   + . .        c - +5 Storm Queen's Shield {shock, Fly rElec}
rNeg    + . .        C - +9 plate armour of Lucidity {rF+ rC+}
rPois   +            M - +2 hat {Stlth+}
rElec   +            S - +2 cloak {Stlth+}
rCorr   +            Y - +1 pair of gloves of Spite {rPois Regen+ Int+2}
SInv    +            V - +2 pair of slick slippers {slick, slippery, EV+4}
Will    ++...        F - amulet of guardian spirit Stlth
                     t - ring of willpower
HPRegen 0.00/turn    U - +6 ring of intelligence
MPRegen 0.12/turn

%: guardian spirit
@: about to teleport, sick, flying
A: horns 2, retaliatory headbutt, [frail 2]
a: Renounce Religion, Heroism, Finesse, Duel


You were on level 3 of the Abyss.
You worshipped Okawaru.
Okawaru was extremely pleased with you.
You visited 4 branches of the dungeon, and saw 21 of its levels.
You visited the Abyss 2 times.
You visited 1 bazaar.

You collected 1709 gold pieces.

Inventory:

Hand Weapons
 a - the +4 broad axe "Tiulac" (weapon) {venom, rN+ rCorr MP-9 SInv}
   (Okawaru gifted it to you on level 3 of the Lair of Beasts)

   rN:        It protects you from negative energy.
   MP:        It affects your magic capacity (-9).
   SInv:      It lets you see invisible.
   rCorr:     It protects you from acid and corrosion.
Missiles
 u - 2 boomerangs
 L - 3 throwing nets
 N - 5 silver javelins
 W - 7 javelins (quivered)
Armour
 c - the +5 Storm Queen's Shield (worn) {shock, Fly rElec}
   (You acquired it on level 13 of the Dungeon)

   Shock:     When it blocks an attack, it may electrocute the attacker.
   This works even against foes who are a short distance away.
   rElec:     It insulates you from electricity.
   Fly:       It grants you flight.
 C - the +9 plate armour of Lucidity (worn) {rF+ rC+}
   (Okawaru gifted it to you on level 5 of the Lair of Beasts)

   rF:        It protects you from fire.
   rC:        It protects you from cold.
 H - the +0 pair of gloves of Autumn {-Cast Fly Dex+5}
   (You found it on level 6 of the Dungeon)

   Dex:       It affects your dexterity (+5).
   Fly:       It grants you flight.
   -Cast:     It prevents spellcasting.
 M - a +2 hat of stealth (worn)
 S - a +2 cloak of stealth (worn)
 V - the +2 pair of slick slippers (worn) {slick, slippery, EV+4}
   (Okawaru gifted it to you on level 3 of the Lair of Beasts)

   Slick:     Its wearer cannot be constricted, engulfed, netted or webbed.
   Slippery:  Its wearer slips away from damaging melee attacks, pulling the
   attacker onward.
   EV:        It affects your evasion (+4).
 Y - the +1 pair of gloves of Spite (worn) {rPois Regen+ Int+2}
   (You found it on level 1 of the Lair of Beasts)

   Int:       It affects your intelligence (+2).
   rPois:     It protects you from poison.
   Regen:     It increases your rate of health regeneration.
Jewellery
 b - a ring of resist corrosion
 l - a ring of flight
 t - a ring of willpower (left hand)
 F - an amulet of guardian spirit (around neck)
 G - the ring "Qenajic" {rC+ rN+ Will+++ Dex-3 SInv}
   (You found it on level 4 of the Lair of Beasts)

   [ring of protection from cold]

   Dex:       It affects your dexterity (-3).
   rC:        It protects you from cold.
   rN:        It protects you from negative energy.
   SInv:      It lets you see invisible.
   Will:      It greatly increases your willpower.
 U - a +6 ring of intelligence (right hand)
Wands
 s - a wand of polymorph (18)
 B - a wand of roots (5)
 K - a wand of quicksilver (8)
 R - a wand of mindburst (23)
 X - a wand of digging (8)
 Z - a wand of flame (11)
Scrolls
 e - 6 scrolls of teleportation
 j - 2 scrolls of poison
 k - 2 scrolls of blinking
 o - 2 scrolls of enchant weapon
 q - 3 scrolls of silence
 w - 3 scrolls of enchant armour
 x - 4 scrolls of vulnerability
 y - a scroll of brand weapon
 z - 3 scrolls of immolation
 D - a scroll of identify
 I - 4 scrolls of fog
 J - a scroll of amnesia
 O - 2 scrolls of fear
 Q - 2 scrolls of magic mapping
Potions
 d - 3 potions of might
 f - 7 potions of heal wounds
 g - 3 potions of lignification
 h - 5 potions of flight
 i - 8 potions of curing {unknown}
 m - 2 potions of brilliance {unknown}
 n - 2 potions of resistance {unknown}
 p - a potion of attraction {unknown}
 r - a potion of invisibility {unknown}
 v - 3 potions of ambrosia {unknown}
 A - 3 potions of mutation {unknown}
 E - 3 potions of haste
 P - a potion of magic {unknown}
 T - a potion of berserk rage {unknown}


   Skills:
 + Level 14.3 Fighting
 * Level 19.3 Axes
 * Level 7.2 Throwing
 + Level 14.3 Armour
 + Level 14.3 Shields
 - Level 6.7 Invocations


You had 14 spell levels left.
You didn't know any spells.
Your spell library contained the following spells:

 Spells                   Type           Power      Damage    Failure   Level
 Apportation              Tloc           0%         N/A       97%         1
 Necrotise                Necr           0%         1d4       97%         1
 Dazzling Flash           Conj/Hex       0%         N/A       100%        3
 Ozocubu's Armour         Ice            0%         N/A       100%        3
 Volatile Blastmotes      Fire/Tloc      0%         2d10      100%        3
 Anguish                  Hex/Necr       0%         N/A       100%        4
 Cause Fear               Hex            0%         N/A       100%        4
 Iskenderun's Mystic Bla  Conj/Tloc      0%         2d3       100%        4
 Passage of Golubria      Tloc           0%         N/A       100%        4
 Alistair's Intoxication  Tmut/Pois      0%         N/A       100%        5
 Metabolic Englaciation   Hex/Ice        0%         N/A       100%        5
 Yara's Violent Unravell  Hex/Tmut       0%         3d3       100%        5
 Starburst                Conj/Fire      0%         6d3       100%        6
 Enfeeble                 Hex            0%         N/A       100%        7
 Summon Small Mammal      Summ           Unusable   N/A       N/A         1
 Tukima's Dance           Hex            Unusable   N/A       N/A         3
 Simulacrum               Ice/Necr       Unusable   N/A       N/A         6

Dungeon Overview and Level Annotations

Branches:
Dungeon (13/15)            Temple (1/1) D:7            Lair (5/5) D:10
  Swamp (0/4) Lair:2       Spider (0/4) Lair:2        Slime (0/5) Lair:5
    Orc (2/2) D:11            Elf (0/3) Orc:2
 Vaults: D:13-14

Altars:
Dithmenos
Fedhas
Okawaru
Qazlal
Ru
Sif Muna
Trog
Wu Jian
Xom
Zin
Jiyva


Innate Abilities, Weirdness & Mutations

You have a pair of horns on your head.
You reflexively headbutt those who attack you in melee.
[You are very frail. (-20% HP)]


Message History

The raiju blinks! x2
You feel the corruption within you wane somewhat.
Your body's shape seems more normal.
Unknown command.
You slice the raiju!!
You kill the raiju!
Okawaru accepts your kill.
The substance of the Abyss twists violently, and a gateway leading out appears!
Things that are here:
a +0 trident; a +0 robe A flayed ghost comes into view.
An Executioner comes into view.
The Executioner gives a hideous shriek!
Things that are here:
a +0 trident; a +0 robe The Executioner hits you!
* * * LOW HITPOINT WARNING * * *
You slip backwards!
You block the Executioner's attack. x2
The Executioner hits you but does no damage.
The Executioner closely misses you. You furiously retaliate!
You headbutt the Executioner, but do no damage.
You block the Executioner's attack.
The Executioner hits you but does no damage.
The Executioner hits you.
* * * LOW HITPOINT WARNING * * *
You slip backwards!
You block the Executioner's attack.
Your shield discharges, shocking the Executioner!
The Executioner resists.
The Executioner hits you but does no damage.
You block the Executioner's attack.
You can't go up here!
As you read the scroll of teleportation, it crumbles to dust.
You feel strangely unstable.
You feel the power of the Abyss delaying your translocation!
You block the Executioner's attack.
Your shield discharges, shocking the Executioner!
The Executioner resists.
You block the Executioner's attack. The Executioner misses you.
The Executioner hits you!
You die...

.. ###. ##
...# .# #...
##. #.#W..
##.. .....
#..#### #.#.#
# #..#..#
#@#.#.#
......##1#..#
#....#...).##
# #.. .##..##
.##.. #.###
.....#x.####
# .# .. ...#
# #...#.. ##.
# # ## .. #
... # ....
#.. .


You could see an Executioner and a flayed ghost.

Vanquished Creatures
  Gastronok (D:9)
  2 tentacled starspawn (Abyss:3)
  Frances (D:12)
  Donald (Orc:2)
  An orc warlord (Orc:2)
  A cacodemon (Abyss:3)
  Nessos (D:12)
  A lorocyproca (Abyss:3)
  A fire dragon (Lair:5)
  Erolcha (D:9)
  A rakshasa (Abyss:3)
  Harold (D:9)
  2 hydras
  A spriggan skeleton (Abyss:3)
  Erica (D:9)
  4 centaur warriors (D:13)
  A catoblepas (Lair:5)
  4 two-headed ogres
  A boulder beetle (D:9)
  Urug (Lair:2)
  4 thrashing horrors (Abyss:3)
  Sonja (D:12)
  Nergalle (D:12)
  7 skysharks
  2 sixfirhies (Abyss:3)
  3 wretched stars (Abyss:3)
  A swamp dragon (Lair:5)
  Pikel (D:5)
  A wizard (D:13)
  2 orc knights (Orc:2)
  A deep elf zephyrmancer (D:13)
  An ugly thing (D:11)
  3 orc sorcerers (Orc:2)
  2 manticores
  2 cyclopes
  A worldbinder (Abyss:3)
  6 black mambas
  An apocalypse crab (Abyss:3)
  15 elephants
  2 gargoyles
  Maurice (D:11)
  2 unseen horrors
  16 cane toads
  4 rime drakes (Lair:5)
  A kobold demonologist (D:10)
  8 komodo dragons
  5 trolls
  A troll (shapeshifter) (D:13)
  An ancient zyme (Abyss:3)
  A polar bear (Lair:3)
  20 blink frogs
  3 hornets
  Grinder (D:4)
  4 raiju (Abyss:3)
  3 small abominations (Abyss:3)
  3 shadows
  3 slime creatures (D:12)
  A culicivora (Lair:2)
  2 large abominations (Abyss:3)
  51 yaks
  7 wyverns
  6 basilisks
  Eustachio (D:5)
  A neqoxec (Abyss:3)
  2 vampire mosquitoes (D:13)
  2 redbacks (Lair:2)
  Edmund (D:4)
  A swamp worm (Lair:2)
  5 wargs (Orc:2)
  17 water moccasins
  22 orc warriors
  2 acid dragons
  A sky beast (D:8)
  2 swamp drakes (Lair:5)
  A black bear (D:5)
  6 ogres
  8 centaurs
  16 wolves
  A lemure (D:5)
  3 kobold brigands
  9 bullfrogs
  5 gnoll sergeants
  13 wights
  3 scorpions
  7 howler monkeys
  7 hounds
  10 orc priests
  Crazy Yiuf (D:4)
  A gnoll bouda (D:7)
  2 jellies
  4 iguanas
  Ijyb (D:5)
  2 sleepcaps
  Natasha (thrice) (D:3)
  18 orc wizards
  21 gnolls
  10 adders
  A white imp (D:5)
  3 ufetubi
  2 worms
  5 dart slugs
  59 orcs
  6 bats
  9 endoplasms
  2 giant cockroaches
  12 goblins
  8 hobgoblins
  7 jackals (D:2)
  20 kobolds
  2 quokkas
  6 ball pythons
  2 frilled lizards (D:1)
  7 rats
  2 starspawn tentacles (Abyss:3)
591 creatures vanquished.

Vanquished Creatures (others)
  2 starspawn tentacles (Abyss:3)
2 creatures vanquished.

Grand Total: 593 creatures vanquished

Notes
Turn   | Place    | Note
-------+----------+-------------------------------------------
     0 | D:1      | ChadusMaximus the Minotaur Fighter began the quest for the
                  | Orb.
     0 | D:1      | Reached XP level 1. HP: 19/19 MP: 0/0
   271 | D:1      | Found a faded altar of an unknown god.
   277 | D:1      | Reached XP level 2. HP: 24/27 MP: 1/1
   312 | D:1      | Reached skill level 3 in Axes
   868 | D:2      | Reached XP level 3. HP: 33/33 MP: 2/2
  1528 | D:2      | Reached XP level 4. HP: 39/39 MP: 3/3
  1640 | D:3      | Identified the +10 mace of Foul Odours {venom, Str+3 SInv}
  1671 | D:3      | Reached skill level 4 in Axes
  1853 | D:3      | Noticed Natasha
  1858 | D:3      | Killed Natasha
  1883 | D:3      | Found an ornate altar of the Wu Jian Council.
  1941 | D:3      | Noticed Natasha
  1948 | D:3      | Killed Natasha
  1982 | D:3      | Reached XP level 5. HP: 33/47 MP: 4/4
  2192 | D:3      | Noticed Natasha
  2196 | D:3      | Killed Natasha
  2309 | D:4      | Reached skill level 5 in Axes
  2397 | D:4      | Noticed Grinder
  2404 | D:4      | Killed Grinder
  2405 | D:4      | Reached skill level 5 in Fighting
  2405 | D:4      | Reached skill level 5 in Armour
  2405 | D:4      | Reached skill level 5 in Shields
  2405 | D:4      | Reached XP level 6. HP: 54/56 MP: 5/5
  2552 | D:4      | Noticed Edmund
  2560 | D:4      | Killed Edmund
  2561 | D:4      | Reached skill level 6 in Axes
  2561 | D:4      | Reached XP level 7. HP: 21/61 MP: 6/6
  2751 | D:4      | Found a runed translucent door.
  2752 | D:4      | Noticed Crazy Yiuf
  3023 | D:4      | Killed Crazy Yiuf
  3087 | D:5      | Entered Level 5 of the Dungeon
  3399 | D:5      | Reached skill level 7 in Axes
  3465 | D:5      | Reached XP level 8. HP: 66/70 MP: 7/7
  3560 | D:5      | Noticed Pikel
  3567 | D:5      | Killed Pikel
  3568 | D:5      | Reached skill level 8 in Axes
  3698 | D:5      | Noticed Ijyb
  3700 | D:5      | Found a glowing silver altar of Zin.
  3705 | D:5      | Killed Ijyb
  3854 | D:5      | Found a sacrificial altar of Ru.
  3935 | D:5      | Noticed Eustachio
  3939 | D:5      | Killed Eustachio
  3940 | D:5      | Reached skill level 9 in Axes
  4028 | D:6      | Reached XP level 9. HP: 53/77 MP: 8/8
  4241 | D:6      | Identified the +0 pair of gloves of Autumn {-Cast Fly
                  | Dex+5}
  4433 | D:6      | Found a shimmering altar of Xom.
  4433 | D:6      | Found a shimmering blue altar of Sif Muna.
  5030 | D:7      | Reached skill level 10 in Axes
  5052 | D:7      | Found a staircase to the Ecumenical Temple.
  5184 | Temple   | Entered the Ecumenical Temple
  5212 | Temple   | Became a worshipper of Warmaster Okawaru
  5830 | D:8      | Reached skill level 1 in Invocations
  6012 | D:8      | Reached * piety under Okawaru
  6025 | D:8      | Reached skill level 11 in Axes
  6089 | D:8      | Reached XP level 10. HP: 65/90 MP: 10/10
  6784 | D:9      | Noticed a boulder beetle
  6922 | D:9      | Killed a boulder beetle
  6922 | D:9      | Reached ** piety under Okawaru
  6941 | D:9      | Noticed Erica
  7023 | D:9      | Killed Erica
  7150 | D:9      | Noticed Erolcha
  7153 | Abyss:2  | Cast into level 2 of the Abyss (Erolcha)
  7220 | D:9      | Escaped the Abyss
  7230 | D:9      | Killed Erolcha
  7231 | D:9      | Reached skill level 12 in Axes
  7302 | D:9      | Reached skill level 5 in Invocations
  7388 | D:9      | Noticed Harold
  7396 | D:9      | Killed Harold
  7657 | D:9      | Noticed Gastronok
  7676 | D:9      | Killed Gastronok
  7676 | D:9      | Reached *** piety under Okawaru
  7677 | D:9      | Reached XP level 11. HP: 38/97 MP: 12/14
  8440 | D:10     | Entered Level 10 of the Dungeon
  8631 | D:10     | Reached **** piety under Okawaru
  8659 | D:9      | Reached skill level 13 in Axes
  9202 | D:10     | Found a bloodstained altar of Trog.
  9262 | D:10     | Noticed a two-headed ogre
  9268 | D:10     | Killed a two-headed ogre
  9269 | D:10     | Reached skill level 10 in Shields
  9304 | D:10     | Found a staircase to the Lair.
  9334 | D:10     | Reached skill level 10 in Fighting
  9334 | D:10     | Reached skill level 10 in Armour
  9495 | D:10     | Reached skill level 1 in Throwing
  9802 | D:10     | Found a blossoming altar of Fedhas.
 10103 | D:11     | Found a staircase to the Orcish Mines.
 10125 | D:11     | Reached ***** piety under Okawaru
 10507 | D:11     | Noticed Maurice
 10508 | D:11     | Noticed a two-headed ogre
 10516 | D:11     | Killed a two-headed ogre
 10517 | D:11     | Reached XP level 12. HP: 106/107 MP: 13/16
 10519 | D:11     | Killed Maurice
 10992 | Lair:1   | Entered Level 1 of the Lair of Beasts
 11067 | Lair:1   | Reached skill level 14 in Axes
 11333 | Lair:1   | Received a gift from Okawaru
 11472 | Lair:1   | Identified the +1 pair of gloves of Spite {rPois Regen+
                  | Int+2}
 12192 | Lair:2   | Noticed Urug
 12204 | Lair:2   | Killed Urug
 12217 | Lair:2   | Reached skill level 5 in Throwing
 12406 | Lair:2   | Found a staircase to the Swamp.
 12433 | Lair:2   | Received a gift from Okawaru
 12893 | Lair:2   | Reached skill level 15 in Axes
 12942 | Lair:2   | Found a hole to the Spider Nest.
 13288 | Lair:3   | Identified the +4 broad axe "Tiulac" {venom, rN+ rCorr MP-9
                  | SInv} (Okawaru gifted it to you on level 3 of the Lair of
                  | Beasts)
 13288 | Lair:3   | Received a gift from Okawaru
 13523 | Lair:3   | Reached XP level 13. HP: 50/116 MP: 1/17
 14048 | Lair:3   | Received a gift from Okawaru
 14048 | Lair:3   | Found the +2 pair of slick slippers {slick, slippery, EV+4}
 14130 | Lair:3   | Reached skill level 16 in Axes
 14798 | Lair:4   | Identified the ring "Qenajic" {rC+ rN+ Will+++ Dex-3 SInv}
 15446 | Lair:5   | Entered Level 5 of the Lair of Beasts
 15525 | Lair:5   | Reached skill level 17 in Axes
 15570 | Lair:5   | Received a gift from Okawaru
 15590 | Lair:5   | Reached XP level 14. HP: 111/127 MP: 6/18
 15590 | Lair:5   | Reached ****** piety under Okawaru
 15702 | Lair:5   | Found a runed translucent door.
 15702 | Lair:5   | Found a viscous altar of Jiyva.
 15702 | Lair:5   | Found a staircase to the Slime Pits.
 15798 | Lair:5   | Received a gift from Okawaru
 15871 | Lair:5   | Identified the +9 plate armour of Lucidity {rF+ rC+}
                  | (Okawaru gifted it to you on level 5 of the Lair of Beasts)
 15871 | Lair:5   | Received a gift from Okawaru
 16707 | Orc:1    | Entered Level 1 of the Orcish Mines
 17202 | Orc:2    | Entered Level 2 of the Orcish Mines
 17246 | Orc:2    | Reached skill level 18 in Axes
 17312 | Orc:2    | Noticed an orc warlord
 17337 | Orc:2    | Killed an orc warlord
 17470 | Orc:2    | Found a staircase to the Elven Halls.
 17503 | Orc:2    | Noticed Donald
 17526 | Orc:2    | Noticed an orc warlord
 17532 | Orc:2    | Noticed an orc warlord
 17547 | Orc:2    | Killed Donald
 17746 | D:12     | Noticed Nergalle
 17749 | D:12     | Noticed Frances
 17756 | D:12     | Killed Nergalle
 17769 | D:12     | Killed Frances
 18074 | D:12     | Noticed Nessos
 18088 | D:12     | Killed Nessos
 18251 | D:12     | Noticed Sonja
 18267 | D:12     | Killed Sonja
 18521 | D:12     | Identified the +0 robe of Okawaru's Generosity {+Inv Str+3}
                  | (Okawaru gifted it to you on level 12 of the Dungeon)
 18521 | D:12     | Received a gift from Okawaru
 18559 | D:12     | Identified a scroll of acquirement
 18711 | D:13     | Acquired the +5 Storm Queen's Shield {shock, Fly rElec}
 18711 | D:13     | Found the +5 Storm Queen's Shield {shock, Fly rElec}
 18841 | D:13     | Found a flickering gateway to a bazaar.
 18847 | Bazaar   | Entered a bazaar
 18863 | Bazaar   | Found Homilerch's Antique Weapon Shoppe.
 18864 | Bazaar   | Found Huyl's Armour Shoppe.
 18907 | Bazaar   | Found Tiptovu's Jewellery Emporium.
 18907 | Bazaar   | Found Werof's Assorted Antiques.
 19155 | Abyss:3  | Cast into level 3 of the Abyss (a wizard)
 19334 | Abyss:3  | Reached skill level 19 in Axes
 19334 | Abyss:3  | Reached XP level 15. HP: 119/138 MP: 6/15
 19368 | Abyss:3  | Noticed a tentacled starspawn
 19378 | Abyss:3  | Killed a tentacled starspawn
 19413 | Abyss:3  | Identified the +1 robe of Minor Irritation {Contam rPois
                  | rF++} (Okawaru gifted it to you on level 3 of the Abyss)
 19413 | Abyss:3  | Received a gift from Okawaru
 19539 | Abyss:3  | Noticed a tentacled starspawn
 19546 | Abyss:3  | Killed a tentacled starspawn
 19587 | Abyss:3  | Noticed an Executioner
 19591 | Abyss:3  | Slain by an Executioner

Illustrated notes

Levels and vault maps discovered:
D:1:      matt_arrival_los_fun, layout_basic,
          ebering_ecumenical_altar_sacrificial
D:2:      layout_loops_ring
D:3:      layout_basic, nzn_wu_jian_contemplation,
          amcnicky_mini_rare_corridor_liquid, uniq_natasha
D:4:      layout_basic, lightli_corner_chamber, uniq_crazy_yiuf_cottage,
          uniq_grinder, uniq_edmund
D:5:      layout_rooms, zin_academy, mainiacjoe_overflow_alcove_4,
          uniq_eustachio, uniq_ijyb, uniq_pikel
D:6:      layout_basic, jmf_multi_god_temple
D:7:      layout_loops_ring, minmay_temple_entry_glass
D:8:      layout_gridville, minmay_misc_feat_doors, amcnicky_mini_pool_small
D:9:      layout_basic, uniq_erica, uniq_erolcha, uniq_gastronok, uniq_harold
D:10:     layout_long_grid, nicolae_overflow_hidden_temple, fedhas_altar_4,
          minmay_lair_entry_grove, serial_rivers,
          chequers_serial_rivers_small_a, chequers_serial_rivers_micro_a,
          chequers_serial_rivers_micro_a, chequers_serial_rivers_small_b,
          chequers_serial_rivers_micro_c
D:11:     layout_loops_cross, kennysheep_orc_monster_closet_entryway,
          uniq_maurice
D:12:     layout_loops_corners, uniq_frances, uniq_nergalle, uniq_nessos,
          uniq_sonja
D:13:     layout_irregular_city, serial_shops, bzr_entry_road,
          bh_hangedman_babel_library, uniq_snorg, uniq_josephine
Temple:   bh_familiar_temple
Lair:1:   layout_regular_city, serial_rivers, chequers_serial_rivers_small_a,
          chequers_serial_rivers_micro_a, chequers_serial_rivers_room_a,
          chequers_serial_rivers_marsh, chequers_serial_rivers_micro_b,
          chequers_serial_rivers_micro_d
Lair:2:   dreamdust_cave_troll, layout_long_grid, minmay_swamp_entry_worms,
          spider_nest_entry_funnel_web, st_stairs_7, uniq_urug
Lair:3:   layout_misc_corridors, hibernation_bobbens
Lair:4:   layout_concentric_octagons, grunt_megastairs_4, serial_bayou_shore_b
Lair:5:   guppyfry_lair_end_dragon, layout_hall_layers, slime_entry_2
Orc:1:    layout_diamond_mine, basic_altar, roderic_batcave
Orc:2:    st_orc_congregation, layout_caves, mines1_david, uniq_donald
Abyss:3:  base: Temple, base: Temple, base:
D:11

Skill      XL: |  1  2  3  4  5  6  7  8  9 10 11 12 13 14 15 |
---------------+----------------------------------------------+-----
Axes           | 3 4 5 6 7 9 11 12 13 15 17 19 | 19.3
Fighting       | 4 5 6 7 8 9 10 11 12 14 | 14.3
Armour         | 4 5 6 7 8 9 10 11 12 14 | 14.3
Shields        | 4 5 6 7 8 9 10 11 12 14 | 14.3
Invocations    | 2 5 6 |  6.7
Throwing       | 3 5 6 7 |  7.2

Action                     |  1- 3 |  4- 6 |  7- 9 | 10-12 | 13-15 || total
---------------------------+-------+-------+-------+-------+-------++-------
  Melee: War axe           |    97 |    32 |       |       |       ||   129
         Headbutt          |    12 |    11 |    30 |   126 |   151 ||   330
         Mace              |       |    39 |   218 |   474 |       ||   731
         Broad axe         |       |       |       |    20 |   708 ||   728
  Throw: Javelin           |       |       |       |       |     9 ||     9
         Throwing net      |       |       |       |       |     4 ||     4
 Invoke: Heroism           |       |       |       |    12 |    12 ||    24
    Use: Scroll            |       |       |       |    15 |    13 ||    28
         Potion            |       |       |       |       |     1 ||     1
 Armour: Scale mail        |    48 |    31 |    29 |       |       ||   108
         Plate armour      |       |       |    74 |   243 |   384 ||   701
  Dodge: Dodged            |    35 |    29 |    77 |   149 |   276 ||   566
  Block: Buckler           |    15 |    11 |    62 |   197 |   202 ||   487
         Kite shield       |       |       |       |       |   155 ||   155
